 Dungeon Crawl Stone Soup version 0.29.1-2-gbd0b4ee654 (webtiles) character file.

Game seed: 377677709973314098

60 MisterFreud the Covert (level 4, -3/41 HPs)
             Began as a Gnoll Delver on Oct 28, 2022.
             Splashed by a jelly's acid (10 damage)
             ... on level 4 of the Dungeon.
             The game lasted 00:00:33 (280 turns).

MisterFreud the Covert (Gnoll Delver)                Turns: 280, Time: 00:00:33

Health: -3/41      AC:  0    Str: 11    XL:     4   Next: 6%
Magic:  1/5        EV: 13    Int: 12    God:
Gold:   0          SH:  0    Dex: 13    Spells: 5/5 levels left

rFire   . . .      SeeInvis .   a - +0 short sword
rCold   . . .      Faith    .   (no shield)
rNeg    . . .      Spirit   .   b - +0 leather armour
rPois   .          Reflect  .   (no helmet)
rElec   .          Harm     .   (no cloak)
rCorr   .          Rampage  .   (no gloves)
Will    .....                   (no boots)
Stlth   ++++......              (no amulet)
HPRegen 0.13/turn               (no ring)
MPRegen 0.09/turn               (no ring)

@: corroded, hasted, very quick
A: fangs 1, strong nose, distributed training
a: no special abilities


You were on level 4 of the Dungeon.
You visited 1 branch of the dungeon, and saw 3 of its levels.

Inventory:

Hand Weapons
 a - a +0 short sword (weapon)
Armour
 b - a +0 leather armour (worn)
Wands
 g - a wand of digging (3)
Scrolls
 c - a scroll of fog
 d - a scroll of magic mapping


   Skills:
 + Level 6.6 Fighting
 + Level 4.6 Short Blades
 + Level 1.0 Long Blades
 + Level 1.0 Axes
 + Level 1.0 Maces & Flails
 + Level 1.0 Polearms
 + Level 1.0 Staves
 + Level 1.0 Ranged Weapons
 + Level 1.0 Throwing
 + Level 1.0 Armour
 + Level 4.6 Dodging
 + Level 9.6 Stealth
 + Level 1.0 Shields
 + Level 1.0 Unarmed Combat
 + Level 1.0 Spellcasting
 + Level 0.8 Conjurations
 + Level 0.8 Hexes
 + Level 0.8 Summonings
 + Level 0.8 Necromancy
 + Level 0.8 Translocations
 + Level 0.8 Transmutations
 + Level 0.8 Fire Magic
 + Level 0.8 Ice Magic
 + Level 0.8 Air Magic
 + Level 0.8 Earth Magic
 + Level 0.8 Poison Magic
 + Level 1.1 Invocations
 + Level 1.0 Evocations


You had 5 spell levels left.
You didn't know any spells.
Your spell library was empty.

Dungeon Overview and Level Annotations

Branches:
Dungeon (6/15)
 Temple: D:4-7

Altars:


Innate Abilities, Weirdness & Mutations

You have very sharp teeth.
Your uncanny sense of smell can sniff out nearby items.
Your experience applies equally to all skills.


Message History

A scorpion comes into view.
Found a stone staircase leading up.
An ufetubus comes into view.
The jelly quivers.
The jelly attacks as you move away! The jelly hits you but does no damage.
The helpless scorpion fails to defend itself.
You impale the scorpion!!
You kill the scorpion!
The jelly hits you. The acid corrodes you!
You are splashed with acid.
Your Long Blades skill increases to level 1!
Your Axes skill increases to level 1!
Your Maces & Flails skill increases to level 1!
Your Polearms skill increases to level 1!
Your Staves skill increases to level 1!
Your Ranged Weapons skill increases to level 1!
Your Throwing skill increases to level 1!
Your Armour skill increases to level 1!
Your Shields skill increases to level 1!
Your Unarmed Combat skill increases to level 1!
Your Spellcasting skill increases to level 1!
Your Invocations skill increases to level 1!
Your Evocations skill increases to level 1!
You have reached level 2!
You have reached level 3!
Your experience leads to an increase in your attributes!
Increase (S)trength, (I)ntelligence, or (D)exterity?
You feel clever. x2
You have reached level 4!
You feel clever.
There is a stone staircase leading up here.
The jelly hits you.
You are splashed with acid!
* * * LOW HITPOINT WARNING * * *
You climb upwards.
You hear the sound of rushing water.
There is an entrance to a sewer on this level.
Hurry and find it before the portal rusts away!
There is a stone staircase leading down here.
You feel yourself speed up. The jelly hits you.
* * * LOW HITPOINT WARNING * * *
The acid corrodes you!
You are splashed with acid!
You die...

# ### #..
... ...#
#.####.....
#..J......
#@# #.##
... .....
...#### ..
# ∆


You could see a jelly.

Vanquished Creatures
  A scorpion (D:5)
1 creature vanquished.

Notes
Turn   | Place    | Note
-------+----------+-------------------------------------------
     0 | D:5      | Reached skill level 9 in Stealth
     0 | D:5      | MisterFreud the Gnoll Delver began the quest for the Orb.
     0 | D:5      | Reached XP level 1. HP: 23/23 MP: 1/1
    42 | D:5      | HP: 1/23 [orc/+0 hand axe (4)]
   269 | D:5      | Noticed a jelly
   271 | D:5      | Noticed a scorpion
   276 | D:5      | Killed a scorpion
   277 | D:5      | Reached skill level 1 in Long Blades
   277 | D:5      | Reached skill level 1 in Axes
   277 | D:5      | Reached skill level 1 in Maces & Flails
   277 | D:5      | Reached skill level 1 in Polearms
   277 | D:5      | Reached skill level 1 in Staves
   277 | D:5      | Reached skill level 1 in Ranged Weapons
   277 | D:5      | Reached skill level 1 in Throwing
   277 | D:5      | Reached skill level 1 in Armour
   277 | D:5      | Reached skill level 1 in Shields
   277 | D:5      | Reached skill level 1 in Unarmed Combat
   277 | D:5      | Reached skill level 1 in Spellcasting
   277 | D:5      | Reached skill level 1 in Invocations
   277 | D:5      | Reached skill level 1 in Evocations
   277 | D:5      | Reached XP level 2. HP: 14/29 MP: 1/3
   277 | D:5      | Reached XP level 3. HP: 17/35 MP: 1/4
   277 | D:5      | Reached XP level 4. HP: 20/41 MP: 1/5
   280 | D:4      | Splashed by a jelly's acid

Illustrated notes

Levels and vault maps discovered:
D:4:      layout_loops_ring, trog_antimagical, elyvilon_altar_1,
          portal_sewer_entry_e, minmay_strange_pillars,
          nicolae_elevator_lobby_asterisk, uniq_pikel
D:5:      layout_basic, serial_shops, nicolae_shop_behind_doors,
          chequers_serial_rivers_room_b
D:6:      layout_layer_cave, marbit_many_paths, minmay_temple_entry_slanted

Skill      XL: |  1 |
---------------+----+-----
Stealth        | |  9.6
Long Blades    | 1 |  1.0
Axes           | 1 |  1.0
Maces & Flails | 1 |  1.0
Polearms       | 1 |  1.0
Staves         | 1 |  1.0
Ranged Weapons | 1 |  1.0
Throwing       | 1 |  1.0
Armour         | 1 |  1.0
Shields        | 1 |  1.0
Unarmed Combat | 1 |  1.0
Spellcasting   | 1 |  1.0
Invocations    | 1 |  1.1
Evocations     | 1 |  1.0
Fighting       | |  6.6
Short Blades   | |  4.6
Dodging        | |  4.6
Conjurations   | |  0.8
Hexes          | |  0.8
Summonings     | |  0.8
Necromancy     | |  0.8
Translocations | |  0.8
Transmutations | |  0.8
Fire Magic     | |  0.8
Ice Magic      | |  0.8
Air Magic      | |  0.8
Earth Magic    | |  0.8
Poison Magic   | |  0.8

Action                   |  1- 3 |  4- 6 || total
-------------------------+-------+-------++-------
Melee: Short sword       |    14 |       ||    14
       Bite              |     3 |       ||     3
  Use: Scroll            |     1 |       ||     1
       Potion            |       |     1 ||     1
 Stab: Sleeping          |     1 |       ||     1
Armor: Leather armour    |     1 |       ||     1
Dodge: Dodged            |     5 |       ||     5
